[Event "4th Memorial Warakomska-B 2020"]
[Site "Suwalki"]
[Date "2020.08.08"]
[Round "3.14"]
[White "Pietryk, Joanna"]
[Black "Rak, Tomasz"]
[Result "0-1"]
[ECO "B12"]
[WhiteElo "1329"]
[BlackElo "1879"]
[Annotator "NA RC"]
[PlyCount "48"]
[EventDate "2020.08.06"]
[EventType "swiss"]
[EventCountry "POL"]
[SourceTitle "playchess.com"]
[Source "ChessBase"]
[SourceQuality "1"]
[TimeControl "40/5400+30:1800+30"]

1. e4 c6 2. d4 d5 3. e5 Bf5 4. h4 c5 5. dxc5 Nc6 6. Bb5 {[%emt 0:08:52] B12: Caro-Kann: Advance Variation.} Qa5+ 7. Nc3 O-O-O {[%emt 0:02:22] [#]} (7... a6 $14 8. Bxc6+ bxc6) 8. Bxc6 $1 bxc6 {[%emt 0:00:31] [#]} 9. Be3 $146 ({Predecessor:} 9. Qd4 Bxc2 10. Nf3 e6 11. b4 Qa6 12. Qd2 Be4 13. Nd4 Bxg2 14. Rg1 Be4 15. Rg3 {0-1 (32) Harringer,F (2272)-Konnyu,J (2317) Austria 2013}) 9... f6 (9... d4 $14 10. Bxd4 e6) 10. exf6 $2 (10. Qd4 $16) 10... gxf6 11. g4 Be4 12. f3 d4 $1 {[%emt 0:07:32] Pin} 13. Bxd4 e5 14. b4 $2 (14. Qb1 $17 exd4 {[%mdl 64] Pin} 15. b4 Bxc2 16. bxa5 Bxb1 17. Nxb1) 14... Qxb4 {[%emt 0:00:44] Pin} 15. Rb1 Qa5 16. fxe4 exd4 {[%emt 0:01:01] Pin} 17. Nge2 dxc3 {[%emt 0:02:25] Discovered Attack} 18. Qc1 Bxc5 19. Qf4 Bd6 20. Qf3 Be5 21. g5 Qc5 22. gxf6 (22. Nf4 $142 Qd6 23. O-O) 22... Nxf6 23. Qf5+ Nd7 24. Rh3 Rhf8 $19 0-1

[Event "4th Memorial Warakomska-B 2020"]
[Site "Suwalki"]
[Date "2020.08.08"]
[Round "4.1"]
[White "Ciszewski, Krzysztof"]
[Black "Obolonin, Filipp"]
[Result "1/2-1/2"]
[ECO "E43"]
[WhiteElo "1728"]
[BlackElo "1922"]
[Annotator "ChessBase"]
[PlyCount "53"]
[EventDate "2020.08.06"]
[EventType "swiss"]
[EventCountry "POL"]
[SourceTitle "playchess.com"]
[Source "ChessBase"]
[SourceQuality "1"]
[TimeControl "40/5400+30:1800+30"]

1. d4 Nf6 2. c4 e6 3. Nc3 Bb4 4. e3 b6 5. f3 Bb7 6. Bd3 c5 7. Nge2 cxd4 8. exd4 d5 9. cxd5 Nxd5 10. O-O Nd7 11. Qa4 Be7 12. Nxd5 Bxd5 13. Nc3 Bb7 14. Be4 Bxe4 15. fxe4 O-O 16. e5 a6 17. Qd1 b5 18. Qg4 Kh8 19. Rf3 f5 20. exf6 Nxf6 21. Qxe6 Qxd4+ 22. Be3 Qd6 23. Qxd6 Bxd6 24. Rd1 Be5 25. Bd4 Bxd4+ 26. Rxd4 h6 27. Rfd3 1/2-1/2

[Event "4th Memorial Warakomska-B 2020"]
[Site "Suwalki"]
[Date "2020.08.08"]
[Round "4.2"]
[White "Wolagiewicz, Kinga"]
[Black "Kaminski, Maciej"]
[Result "1/2-1/2"]
[ECO "B33"]
[WhiteElo "1719"]
[BlackElo "1869"]
[Annotator "NA"]
[PlyCount "71"]
[EventDate "2020.08.06"]
[EventType "swiss"]
[EventCountry "POL"]
[SourceTitle "playchess.com"]
[Source "ChessBase"]
[SourceQuality "1"]
[TimeControl "40/5400+30:1800+30"]

1. e4 c5 2. Nf3 Nc6 3. d4 cxd4 4. Nxd4 Nf6 5. Nc3 e6 6. Be3 Bb4 7. Bd3 d5 8. Nxc6 bxc6 9. exd5 exd5 10. Bd2 O-O {[%emt 0:04:33] B45: Sicilian Four Knights.} 11. O-O Bg4 12. Qc1 {[%emt 0:09:41] [#]} Bh5 $146 ({Predecessor:} 12... Nd7 13. h3 Be6 14. Qd1 Bd6 15. Qh5 g6 16. Qh6 Ne5 17. Rfe1 Nxd3 18. cxd3 Bf5 {0-1 (47) Kiolbasa,O (2160)-Maltsevskaya,A (2272) chess.com INT 2020}) 13. Ne2 Bxe2 14. Bxe2 Bxd2 15. Qxd2 Ne4 16. Qf4 Qb8 17. Qc1 Qe5 18. Bd3 f5 19. c4 f4 20. cxd5 cxd5 21. Bxe4 dxe4 22. Qc4+ Kh8 23. Rae1 Rae8 24. b3 f3 25. Re3 fxg2 26. Kxg2 Re6 27. Rg3 Ref6 28. Qc3 Qf5 29. Qe3 R6f7 30. Kh1 Rd7 31. Kg2 h6 32. Re1 a5 33. Re2 Re7 34. Kg1 Rd8 35. Rd2 Rf8 $11 36. Kg2 1/2-1/2

[Event "4th Memorial Warakomska-B 2020"]
[Site "Suwalki"]
[Date "2020.08.08"]
[Round "4.3"]
[White "Kiolbasa, Damian"]
[Black "Kitewski, Bartosz"]
[Result "1/2-1/2"]
[ECO "A40"]
[WhiteElo "1973"]
[BlackElo "1718"]
[Annotator "ChessBase"]
[PlyCount "107"]
[EventDate "2020.08.06"]
[EventType "swiss"]
[EventCountry "POL"]
[SourceTitle "playchess.com"]
[Source "ChessBase"]
[SourceQuality "1"]
[TimeControl "40/5400+30:1800+30"]

1. d4 Nf6 2. c4 e6 3. g3 b6 4. Bg2 c6 5. e4 d5 6. e5 Nfd7 7. cxd5 cxd5 8. Ne2 Ba6 9. O-O Nc6 10. Re1 Rc8 11. Nf4 Bb4 12. Bd2 O-O 13. Bxb4 Nxb4 14. Nc3 b5 15. Rc1 Nc6 16. Ncxd5 exd5 17. Bxd5 Ne7 18. Rxc8 Bxc8 19. Bb3 Nb6 20. d5 Nc4 21. Bc2 Re8 22. b3 Nb6 23. d6 Nc6 24. Qd3 g6 25. Qxb5 Nd4 26. Qd3 Nxc2 27. Qxc2 Bf5 28. Qd2 Nd7 29. Qd5 Nf6 30. Qd4 Qb6 31. Qb2 Qa5 32. b4 Qb5 33. a4 Qb7 34. Qd4 Qb6 35. Qb2 Qb7 36. Qd4 Ne4 37. Nd5 Ng5 38. Re3 Rd8 39. f3 Ne6 40. Qd2 Nf8 41. Rc3 Be6 42. Ne7+ Kg7 43. Qf4 Nd7 44. Rc7 Qb6+ 45. Kg2 h6 46. h4 Qa6 47. b5 Qa5 48. Rc1 Qb6 49. Rc6 Qa5 50. Rc1 Qb6 51. Nc6 Rc8 52. Rc3 a6 53. Qb4 Bd5 54. bxa6 1/2-1/2

[Event "4th Memorial Warakomska-B 2020"]
[Site "Suwalki"]
[Date "2020.08.08"]
[Round "4.5"]
[White "Czech, Mieczyslaw"]
[Black "Borowik, Wojciech"]
[Result "0-1"]
[ECO "B90"]
[WhiteElo "1863"]
[BlackElo "1769"]
[Annotator "NA"]
[PlyCount "84"]
[EventDate "2020.08.06"]
[EventType "swiss"]
[EventCountry "POL"]
[SourceTitle "playchess.com"]
[Source "ChessBase"]
[SourceQuality "1"]
[TimeControl "40/5400+30:1800+30"]

1. e4 c5 2. Nf3 d6 3. d4 cxd4 4. Nxd4 Nf6 5. Nc3 a6 6. a4 e5 7. Nb3 Be6 8. Be2 Be7 9. O-O O-O 10. Re1 {[%emt 0:00:56] 10.Bf3 is becoming the main line. B92: Sicilian Najdorf: 6 Be2.} Nbd7 11. Be3 Qc7 12. f3 Rac8 {[%emt 0:01:55] [#]} 13. Rc1 $146 ({Predecessor:} 13. Nd2 d5 14. exd5 Nxd5 15. Nxd5 Bxd5 16. c4 Bc6 17. Bd3 Bc5 18. Nf1 Rcd8 19. Qc2 {½-½ (32) Balazs,A (1975)-Mazak,L (1835) Hungary 2013}) 13... Rfd8 14. Nd5 Nxd5 15. exd5 Bf5 16. c4 Bg6 17. Kh1 f5 18. Nd2 f4 19. Bf2 Bf5 20. b4 a5 21. b5 (21. c5 $5) 21... b6 22. Ne4 g5 23. Bd3 Bg6 24. h3 Kg7 25. Qe2 Rh8 26. Kg1 h5 27. Red1 Rcg8 (27... Bxe4 $11 28. Qxe4 Rh6) 28. Kf1 (28. c5 $1 $14 bxc5 {[#]} 29. Nxc5 $1 Nxc5 30. Bxg6) 28... Kf8 29. Ke1 (29. c5 $11 bxc5 30. Kg1) 29... g4 30. hxg4 (30. Qc2 $15) 30... hxg4 31. fxg4 Rh2 32. Qf3 {[%emt 0:02:22] [#]} Bxe4 $1 33. Bxe4 Nc5 34. Bc2 Bg5 35. Ke2 Rgh8 36. Rg1 (36. Rf1 $11) 36... Kf7 37. Kf1 $1 Kg7 38. Bxc5 $2 (38. Re1 $17) 38... Qxc5 39. Qe4 Bh4 40. Qe2 $2 (40. Ke2 $17) 40... Qxg1+ 41. Kxg1 Rh1+ 42. Kxh1 Bf2+ 0-1

[Event "4th Memorial Warakomska-B 2020"]
[Site "Suwalki"]
[Date "2020.08.08"]
[Round "4.6"]
[White "Lukasik, Zuzanna"]
[Black "Milanowski, Jan"]
[Result "1/2-1/2"]
[ECO "C06"]
[WhiteElo "1553"]
[BlackElo "1787"]
[Annotator "NA"]
[PlyCount "81"]
[EventDate "2020.08.06"]
[EventType "swiss"]
[EventCountry "POL"]
[SourceTitle "playchess.com"]
[Source "ChessBase"]
[SourceQuality "1"]
[TimeControl "40/5400+30:1800+30"]

1. e4 e6 2. d4 d5 3. Nd2 Nf6 4. e5 Nfd7 5. Bd3 c5 6. c3 Nc6 7. Ne2 cxd4 8. cxd4 Be7 9. O-O Qb6 10. Nf3 Nf8 11. Nc3 a6 12. a3 Bd7 13. Bc2 Na5 14. Ba4 Rc8 15. Bxd7+ Nxd7 16. Na4 Qb3 17. Nd2 Qxd1 18. Rxd1 b5 19. Nc3 Nb6 20. Ne2 Nbc4 21. Nxc4 Rxc4 22. b4 Nb3 23. Rb1 Nxc1 24. Rbxc1 Rxc1 25. Nxc1 Kd7 26. Nb3 Rc8 27. Nc5+ Bxc5 28. bxc5 a5 29. Rb1 Rb8 30. Kf1 f6 31. f4 fxe5 32. fxe5 Kc6 33. Ke2 Rf8 34. Ke3 g5 35. h3 h6 36. g3 h5 37. a4 b4 38. Ke2 Rf7 39. Rg1 Rf8 40. Rb1 Rf7 41. Rg1 1/2-1/2

[Event "4th Memorial Warakomska-B 2020"]
[Site "Suwalki"]
[Date "2020.08.08"]
[Round "4.7"]
[White "Szwaj, Jacek"]
[Black "Kasperczyk, Szymon"]
[Result "0-1"]
[ECO "B33"]
[WhiteElo "1983"]
[BlackElo "1711"]
[Annotator "ChessBase"]
[PlyCount "114"]
[EventDate "2020.08.06"]
[EventType "swiss"]
[EventCountry "POL"]
[SourceTitle "playchess.com"]
[Source "ChessBase"]
[SourceQuality "1"]
[TimeControl "40/5400+30:1800+30"]

1. e4 c5 2. Nf3 Nc6 3. d4 cxd4 4. Nxd4 Nf6 5. Nc3 e5 6. Ndb5 d6 7. Bg5 a6 8. Na3 b5 9. Nd5 Be7 10. Bxf6 Bxf6 11. c4 b4 12. Nc2 a5 13. g3 O-O 14. Bg2 Be7 15. O-O Be6 16. b3 Bxd5 17. Qxd5 Qc7 18. Qd3 Rfd8 19. Kh1 a4 20. Qe3 Qa7 21. Qd2 Qc5 22. Rfd1 Bf6 23. Qe2 axb3 24. axb3 Rxa1 25. Rxa1 Nd4 26. Qd3 Nxc2 27. Qxc2 Rb8 28. Qd2 Bd8 29. Kg1 Bb6 30. Kf1 Qc7 31. Ra2 Bd4 32. Bf3 Qb7 33. Kg2 g6 34. h4 Ra8 35. Rxa8+ Qxa8 36. h5 Qb8 37. Qg5 Bb6 38. Qe7 Qd8 39. Qb7 Bc5 40. Bg4 Qf6 41. f3 Qg5 42. Qc8+ Kg7 43. Be6 fxe6 44. Qxe6 Qd8 45. h6+ Kxh6 46. Qf7 Be3 47. Kh3 Bg5 48. Qb7 Qf8 49. Kg2 Be7 50. Qxb4 Kg7 51. Qc3 h5 52. b4 h4 53. b5 hxg3 54. Kxg3 Qf4+ 55. Kf2 Qh2+ 56. Ke1 Bg5 57. Qb3 Qd2+ 0-1

[Event "4th Memorial Warakomska-B 2020"]
[Site "Suwalki"]
[Date "2020.08.08"]
[Round "4.8"]
[White "Ryszkiewicz, Adam"]
[Black "Pieczulis, Blazej"]
[Result "1-0"]
[ECO "C05"]
[WhiteElo "1941"]
[BlackElo "1608"]
[Annotator "ChessBase"]
[PlyCount "47"]
[EventDate "2020.08.06"]
[EventType "swiss"]
[EventCountry "POL"]
[SourceTitle "playchess.com"]
[Source "ChessBase"]
[SourceQuality "1"]
[TimeControl "40/5400+30:1800+30"]

1. e4 e6 2. d4 d5 3. Nd2 Nf6 4. e5 Nfd7 5. f4 c5 6. c3 Nc6 7. Ndf3 a6 8. Bd3 b5 9. Ne2 Qb6 10. O-O g6 11. Kh1 c4 12. Bc2 b4 13. g4 Bb7 14. f5 Nd8 15. Ng3 Bg7 16. Ng5 O-O 17. f6 Bh8 18. Qd2 Bxf6 19. exf6 e5 20. Nxh7 e4 21. Qh6 Ne6 22. Ng5 Nxf6 23. Rxf6 Qd8 24. Qh7# 1-0

[Event "4th Memorial Warakomska-B 2020"]
[Site "Suwalki"]
[Date "2020.08.08"]
[Round "4.10"]
[White "Widelski, Kacper"]
[Black "Stefaniuk, Zbigniew"]
[Result "1-0"]
[ECO "C43"]
[WhiteElo "1879"]
[BlackElo "1538"]
[Annotator "NA"]
[PlyCount "95"]
[EventDate "2020.08.06"]
[EventType "swiss"]
[EventCountry "POL"]
[SourceTitle "playchess.com"]
[Source "ChessBase"]
[SourceQuality "1"]
[TimeControl "40/5400+30:1800+30"]

1. e4 e5 2. Nf3 Nf6 3. d4 Nxe4 4. Nxe5 d5 5. Bd3 Nd7 6. O-O Nxe5 7. dxe5 Nc5 8. Be2 Be7 {[%emt 0:01:36] C43: Petroff Defence: 3 d4.} 9. Be3 O-O 10. c3 Bf5 {[%emt 0:02:43] [#]} 11. Na3 $146 ({Predecessor:} 11. g4 Bc8 12. Nd2 a5 13. Nb3 Nxb3 14. axb3 f6 15. exf6 Bxf6 16. f4 Qe7 17. Bf2 {1-0 (51) Silin,V (2275)-Rutkus,R (1893) ICCF email 2010}) 11... Ne6 12. Qb3 c6 13. Nc2 Qc7 14. f4 Nc5 15. Bxc5 Bxc5+ 16. Nd4 Qb6 17. Qxb6 Bxb6 18. Kh1 Bxd4 19. cxd4 Rfe8 20. Rac1 Re6 21. Bf3 Rg6 22. h3 Re8 23. Rc3 f6 $2 (23... Bd7 $16) 24. Bh5 {[%emt 0:00:21] Skewer} Be4 25. Bxg6 hxg6 26. Ra3 a6 27. Kg1 f5 (27... Re7 {was worth a try.} 28. Re3 Rd7) 28. Kf2 Re7 29. Rc1 Kf8 30. h4 Ke8 31. Rh1 Re6 32. Rb3 Re7 33. h5 Kf7 34. h6 Kg8 35. hxg7 Rxg7 36. Rbh3 g5 37. Rh8+ Kf7 38. R1h7 gxf4 39. Rxg7+ Kxg7 40. Rb8 b5 41. Rb6 a5 42. Rxc6 Bb1 43. Rc5 Bxa2 $18 44. Rxb5 a4 45. Ra5 Bb3 46. Kf3 Kf7 47. Kxf4 Ke6 48. Ra6+ 1-0

[Event "4th Memorial Warakomska-B 2020"]
[Site "Suwalki"]
[Date "2020.08.08"]
[Round "4.11"]
[White "Wierzbicki, Michal"]
[Black "Borowik, Karol"]
[Result "1-0"]
[ECO "A48"]
[WhiteElo "1849"]
[BlackElo "1426"]
[Annotator "NA"]
[PlyCount "49"]
[EventDate "2020.08.06"]
[EventType "swiss"]
[EventCountry "POL"]
[SourceTitle "playchess.com"]
[Source "ChessBase"]
[SourceQuality "1"]
[TimeControl "40/5400+30:1800+30"]

1. d4 Nf6 2. Nf3 g6 3. c4 Bg7 4. Nc3 O-O 5. Bg5 d6 6. e3 c6 7. Be2 Nbd7 8. O-O a6 9. a4 {[%emt 0:02:39] E61: King's Indian: Early deviations for White, including Smyslov System.} b6 10. Qc2 Bb7 11. Rfd1 Qc7 {[%emt 0:18:57] [#]} 12. Nd2 $146 ({Predecessor:} 12. e4 e5 13. d5 cxd5 14. cxd5 h6 15. Bh4 Nh5 16. Nd2 Nf4 17. Bf1 f5 18. f3 fxe4 19. Ndxe4 {1-0 (48) Sagar,S (2391)-Verikakis,M (2071) Paleochora 2017}) 12... Rac8 13. f4 Rfe8 14. Bh4 h6 15. f5 g5 16. Bg3 e5 17. fxe6 fxe6 $2 (17... Rxe6 $16 {keeps fighting.} 18. e4 c5) 18. Nde4 Nxe4 19. Nxe4 e5 20. dxe5 Bxe5 21. Nxd6 {[%emt 0:01:40] Double Attack} Bxd6 22. Qg6+ {[%emt 0:00:55] Double Attack} Kh8 23. Qxh6+ Kg8 24. Qxg5+ Kh8 25. Rxd6 1-0

[Event "4th Memorial Warakomska-B 2020"]
[Site "Suwalki"]
[Date "2020.08.08"]
[Round "4.12"]
[White "Milewski, Karol"]
[Black "Harasimczuk, Jakub"]
[Result "1-0"]
[ECO "D00"]
[WhiteElo "1795"]
[BlackElo "1400"]
[Annotator "NA"]
[PlyCount "61"]
[EventDate "2020.08.06"]
[EventType "swiss"]
[EventCountry "POL"]
[SourceTitle "playchess.com"]
[Source "ChessBase"]
[SourceQuality "1"]
[TimeControl "40/5400+30:1800+30"]

1. d4 d5 2. Bf4 c5 3. e3 Nc6 4. Nf3 Bg4 5. c3 Qb6 6. Qb3 Bxf3 7. gxf3 e6 8. Nd2 c4 9. Qc2 Nf6 10. Bg2 Nh5 11. Bg3 Be7 12. e4 Rd8 13. O-O g6 14. f4 g5 15. fxg5 Bxg5 16. f4 Nxg3 17. hxg3 Bf6 18. e5 Be7 19. Kh2 Kd7 20. Bh3 Rdg8 21. f5 Nd8 22. Rab1 h5 23. b3 h4 24. g4 Qc7 25. bxc4 f6 26. Nf3 fxe5 27. Nxe5+ Kc8 28. cxd5 exd5 29. f6 Bd6 30. Kh1 Bxe5 31. Qf5+ 1-0

[Event "4th Memorial Warakomska-B 2020"]
[Site "Suwalki"]
[Date "2020.08.08"]
[Round "4.13"]
[White "Bancarewicz, Aleks"]
[Black "Jasiulewicz, Dawid"]
[Result "1/2-1/2"]
[ECO "B94"]
[WhiteElo "1781"]
[BlackElo "1374"]
[Annotator "NA"]
[PlyCount "112"]
[EventDate "2020.08.06"]
[EventType "swiss"]
[EventCountry "POL"]
[SourceTitle "playchess.com"]
[Source "ChessBase"]
[SourceQuality "1"]
[TimeControl "40/5400+30:1800+30"]

1. e4 c5 2. Nf3 d6 3. d4 cxd4 4. Nxd4 Nf6 5. Nc3 a6 6. Bg5 e5 7. Nb3 Be7 8. Bxf6 Bxf6 9. Bc4 Be6 10. Bd5 Nc6 11. Qf3 Rc8 12. O-O-O O-O 13. Kb1 Qc7 14. h4 Nb4 15. Qe2 Nxd5 16. Nxd5 Bxd5 17. Rxd5 Be7 18. Qd3 Qc4 19. Nd2 Qxd3 20. Rxd3 f5 21. g3 g6 22. b3 Kf7 23. c4 Ke6 24. f3 h6 25. h5 g5 26. exf5+ Rxf5 27. g4 Rf4 28. Ne4 Rcf8 29. Rh3 Rd8 30. Nc3 Bf8 31. Rh1 Be7 32. Nd5 Rf7 33. Re1 Bf8 34. a4 Rc8 35. Re4 b5 36. Nb6 Rc6 37. a5 Rc5 38. b4 bxc4 39. Nxc4 Rb5 40. Rb3 Rfb7 41. Kc2 Rxb4 42. Rxb4 Rxb4 43. Ne3 d5 44. Rxb4 Bxb4 45. Nf5 e4 46. fxe4 dxe4 47. Nxh6 Bxa5 48. Nf5 Bd8 49. h6 Bf6 50. Kd2 a5 51. Ng3 Kd5 52. Ne2 Be5 53. h7 Ke6 54. Ke3 Kd5 55. Kd2 Bf6 56. Nc3+ Kd4 1/2-1/2

[Event "4th Memorial Warakomska-B 2020"]
[Site "Suwalki"]
[Date "2020.08.08"]
[Round "4.14"]
[White "Kotarski, Bartosz"]
[Black "Wydornik, Robert"]
[Result "1-0"]
[ECO "B72"]
[WhiteElo "1742"]
[BlackElo "1361"]
[Annotator "NA"]
[PlyCount "55"]
[EventDate "2020.08.06"]
[EventType "swiss"]
[EventCountry "POL"]
[SourceTitle "playchess.com"]
[Source "ChessBase"]
[SourceQuality "1"]
[TimeControl "40/5400+30:1800+30"]

1. e4 c5 2. Nf3 d6 3. d4 cxd4 4. Nxd4 Nf6 5. Nc3 g6 6. Be2 Bg7 7. Be3 O-O 8. f3 Nc6 9. Qd2 Bd7 10. O-O-O Rc8 11. g4 Ne5 12. h4 Nc4 13. Bxc4 Rxc4 14. h5 Qa5 15. hxg6 fxg6 16. Nb3 Qc7 17. e5 Ne8 18. Nd5 Qd8 19. Bg5 Rf7 20. Nxe7+ Rxe7 21. exd6 Nxd6 22. Qxd6 Rxc2+ 23. Kxc2 Re2+ 24. Rd2 Bf5+ 25. Kd1 Qxd6 26. Rxd6 Rxb2 27. gxf5 Rb1+ 28. Bc1 1-0

[Event "4th Memorial Warakomska-B 2020"]
[Site "Suwalki"]
[Date "2020.08.09"]
[Round "5.1"]
[White "Obolonin, Filipp"]
[Black "Wolagiewicz, Kinga"]
[Result "0-1"]
[ECO "D02"]
[WhiteElo "1922"]
[BlackElo "1719"]
[Annotator "ChessBase"]
[PlyCount "92"]
[EventDate "2020.08.06"]
[EventType "swiss"]
[EventCountry "POL"]
[SourceTitle "playchess.com"]
[Source "ChessBase"]
[SourceQuality "1"]
[TimeControl "40/5400+30:1800+30"]

1. d4 d5 2. Nf3 Nf6 3. g3 c6 4. Bg2 Bf5 5. O-O h6 6. c4 e6 7. Nc3 Nbd7 8. Nd2 Be7 9. e4 dxe4 10. Ndxe4 Nxe4 11. Nxe4 Nf6 12. Nxf6+ Bxf6 13. d5 cxd5 14. cxd5 O-O 15. Qb3 exd5 16. Bxd5 Qc7 17. Bf4 Be5 18. Rac1 Qd6 19. Be3 Qf6 20. Bxb7 Rad8 21. Rc6 Be6 22. Qb4 Rb8 23. Bxa7 Rxb7 24. Qxb7 Qf3 25. Rxe6 Qxb7 26. Rxe5 Qxa7 27. a3 Rb8 28. Re2 Rb3 29. Rd1 Qb7 30. Rdd2 Qf3 31. Rd8+ Kh7 32. Rde8 Rd3 33. R8e3 Rd1+ 34. Re1 Qxe3 35. Rxd1 Qe2 36. Rb1 Qc2 37. Re1 Qxb2 38. Re3 Qd4 39. h3 f5 40. Re1 Kg6 41. Kg2 Kf6 42. Rf1 Qd5+ 43. Kg1 Qa2 44. Kg2 Qxa3 45. Re1 Qa8+ 46. Kg1 g5 0-1

[Event "4th Memorial Warakomska-B 2020"]
[Site "Suwalki"]
[Date "2020.08.09"]
[Round "5.2"]
[White "Kaminski, Maciej"]
[Black "Ciszewski, Krzysztof"]
[Result "1-0"]
[ECO "A45"]
[WhiteElo "1869"]
[BlackElo "1728"]
[Annotator "NA"]
[PlyCount "77"]
[EventDate "2020.08.06"]
[EventType "swiss"]
[EventCountry "POL"]
[SourceTitle "playchess.com"]
[Source "ChessBase"]
[SourceQuality "1"]
[TimeControl "40/5400+30:1800+30"]

1. d4 Nf6 2. Bf4 g6 3. Nc3 d5 4. e3 a6 5. h4 h5 6. Nf3 {[%emt 0:00:45] A45: Trompowsky Attack.} Bg7 7. Ne5 Nbd7 8. Qd2 c6 {[%emt 0:02:54] [#]} 9. O-O-O $146 ({Predecessor:} 9. f3 Nxe5 10. Bxe5 Bf5 11. Bd3 Bxd3 12. Qxd3 Rc8 13. O-O-O Qa5 14. Kb1 b5 15. g4 {0-1 (35) Liew,M (1708)-Ng,S (2065) Penang 2019}) 9... O-O 10. f3 Qa5 11. e4 (11. Be2 $16) 11... dxe4 12. fxe4 Nxe5 13. Bxe5 b5 14. Bxf6 Bxf6 15. e5 Bg7 16. Kb1 {[%emt 0:01:14] [#]} Be6 ({Black should play} 16... Rd8 $1 $19 17. Be2 Be6) 17. Nd5 Qd8 18. Nf4 Bf5 19. Be2 a5 {[%emt 0:08:45] [#]} 20. Rhf1 ({White should play} 20. g4 $1 $16 hxg4 (20... Bxg4 21. Bxg4) 21. h5) 20... Qd7 21. Bf3 Ra7 22. Qe3 e6 23. Bxh5 gxh5 24. Nxh5 f6 25. exf6 $18 Bh8 26. g4 Bg6 27. Nf4 Qh7 28. Nxg6 Qxg6 29. Qxe6+ Raf7 30. Rf5 Bxf6 31. Rg5 Qxg5 32. hxg5 Bxg5 33. Qg6+ Rg7 34. Qxc6 Bd2 35. Qd5+ Kh7 36. Rh1+ Kg6 37. Qh5+ Kf6 38. Rf1+ Ke7 39. Qe5+ 1-0

[Event "4th Memorial Warakomska-B 2020"]
[Site "Suwalki"]
[Date "2020.08.09"]
[Round "5.3"]
[White "Borowik, Wojciech"]
[Black "Kitewski, Bartosz"]
[Result "1-0"]
[ECO "E12"]
[WhiteElo "1769"]
[BlackElo "1718"]
[Annotator "NA"]
[PlyCount "47"]
[EventDate "2020.08.06"]
[EventType "swiss"]
[EventCountry "POL"]
[SourceTitle "playchess.com"]
[Source "ChessBase"]
[SourceQuality "1"]
[TimeControl "40/5400+30:1800+30"]

1. d4 Nf6 2. Nf3 e6 3. c4 b6 4. Nbd2 Bb7 5. e3 d5 6. Be2 Bd6 7. O-O O-O 8. b3 c5 9. cxd5 exd5 10. Bb2 Nbd7 11. Rc1 Rc8 12. Ne5 Re8 13. f4 Ne4 14. Nxe4 dxe4 15. Bb5 Bxe5 16. dxe5 Re7 17. Qg4 a6 18. Bc4 b5 19. e6 fxe6 20. Bxe6+ Kh8 21. Rcd1 Bc6 22. f5 Qe8 23. f6 h5 24. fxg7+ 1-0

[Event "4th Memorial Warakomska-B 2020"]
[Site "Suwalki"]
[Date "2020.08.09"]
[Round "5.4"]
[White "Milewski, Karol"]
[Black "Kiolbasa, Damian"]
[Result "0-1"]
[ECO "E61"]
[WhiteElo "1795"]
[BlackElo "1973"]
[Annotator "NA"]
[PlyCount "98"]
[EventDate "2020.08.06"]
[EventType "swiss"]
[EventCountry "POL"]
[SourceTitle "playchess.com"]
[Source "ChessBase"]
[SourceQuality "1"]
[TimeControl "40/5400+30:1800+30"]

1. d4 Nf6 2. c4 g6 3. Nc3 Bg7 4. Nf3 O-O 5. Bg5 d6 6. e3 b6 7. Be2 {[%emt 0:02:11] E61: King's Indian: Early deviations for White, including Smyslov System.} Bb7 8. Qc2 Nbd7 9. O-O h6 {[%emt 0:03:12] 9...e6 is more advanced technology.} 10. Bh4 e5 11. dxe5 Nxe5 12. Nxe5 dxe5 13. Rfd1 Qe8 {[%emt 0:00:32] [#]} 14. Nd5 $146 ({Predecessor:} 14. Rd2 Qc6 15. Bf3 e4 16. Be2 Rfd8 17. Rad1 Rxd2 18. Rxd2 a6 19. h3 Re8 20. b4 {1-0 (48) Eperjesi,L (2255)-Pesztericz,L (2164) Hungary 2002}) 14... g5 15. Bg3 Rc8 ({Black should play} 15... Rd8 $14) 16. e4 c6 17. Ne3 Qe6 18. Rd2 Rfd8 19. Rad1 Rd4 20. f3 c5 21. Nf5 Nh5 22. Bf2 Nf4 23. Bf1 Ng6 24. a4 Bf8 25. a5 Ne7 26. b4 Nxf5 27. exf5 Qf6 28. a6 Bxa6 $14 29. b5 Bb7 30. Bxd4 exd4 31. Bd3 Bd6 32. Be4 Bxe4 33. Qxe4 Rd8 34. Rd3 h5 35. Ra1 Bb8 36. Re1 h4 37. Re2 Kf8 38. Kf1 Bxh2 39. Ke1 Bf4 40. Kd1 Be3 41. Ra2 Re8 42. Qd5 Re5 43. Qa8+ Kg7 44. Rxa7 Qxf5 45. Raa3 h3 46. gxh3 Qxh3 47. Kc2 Qf1 48. Qb8 Qc1+ 49. Kb3 Qb1+ 0-1

[Event "4th Memorial Warakomska-B 2020"]
[Site "Suwalki"]
[Date "2020.08.09"]
[Round "5.5"]
[White "Milanowski, Jan"]
[Black "Ryszkiewicz, Adam"]
[Result "0-1"]
[ECO "A45"]
[WhiteElo "1787"]
[BlackElo "1941"]
[Annotator "NA"]
[PlyCount "78"]
[EventDate "2020.08.06"]
[EventType "swiss"]
[EventCountry "POL"]
[SourceTitle "playchess.com"]
[Source "ChessBase"]
[SourceQuality "1"]
[TimeControl "40/5400+30:1800+30"]

1. d4 Nf6 2. Bf4 d6 3. e3 g6 4. c3 Bg7 5. h3 O-O 6. Nf3 Re8 7. Be2 Nc6 8. O-O Bf5 9. Nbd2 e5 10. Bh2 e4 11. Ne1 h5 12. b4 a5 13. b5 Ne7 14. c4 Qd7 15. Rc1 b6 16. a3 h4 17. Nb3 $15 (17. Bf4 $14) 17... Rac8 18. c5 Ned5 19. c6 Qe7 20. Nd2 Kh7 21. Nc4 Bh6 22. Kh1 Rg8 23. Rg1 Qe6 24. Bf1 g5 25. g4 hxg3 26. Rxg3 g4 27. hxg4 Nxg4 28. Qe2 Nxh2 29. Kxh2 Bg4 30. Qd2 f5 31. Ng2 f4 32. exf4 Nxf4 33. Nce3 Nh5 34. d5 Qe5 35. Qc3 Nxg3 36. fxg3 Qh5+ 37. Kg1 Bf3 38. Qe1 Rcf8 39. Rc2 Qh3 0-1